 Dungeon Crawl Stone Soup version 0.23-a0-143-g1adec7b (webtiles) character file.

32405 Amnesiac the Quickloader (level 13, -15/108 HPs)
             Began as a Mummy Hunter on Sept 2, 2018.
             Was a High Priest of Okawaru.
             Demolished by a hellephant (31 damage)
             ... on level 4 of the Abyss.
             The game lasted 00:35:30 (15413 turns).

Amnesiac the Quickloader (Mummy Hunter)            Turns: 15413, Time: 00:35:31

Health: -15/108    AC: 13    Str: 19 (20) XL:     13   Next: 31%
Magic:  13/19      EV: 10    Int:  9 (13) God:    Okawaru [*****.]
Gold:   2038       SH:  0    Dex: 12 (13) Spells: 7/12 levels left

rFire    + . .     SeeInvis +   a - +2 arbalest (freeze)
rCold    + + .     Gourm    .   (shield currently unavailable)
rNeg     + + +     Faith    .   g - +2 chain mail {rF+}
rPois    ∞         Spirit   .   v - +0 hat {Int+3}
rElec    .         Reflect  .   (no cloak)
rCorr    .         Harm     .   o - +0 pair of gloves
MR       +....                  (no boots)
Stlth    ..........             c - amulet of Loappen {rPois rC+ Regen+ Stlth-}
HPRegen  0.68/turn              r - ring of see invisible
MPRegen  0.16/turn              x - ring of protection from fire

@: heroism, finesse
A: no food or potions, fire vulnerability, cold resistance 1, negative energy
resistance 3, torment resistance, unbreathing, in touch with death 1
a: Heroism, Finesse, Renounce Religion


You were on level 4 of the Abyss.
You worshipped Okawaru.
Okawaru was extremely pleased with you.
You were not hungry.

You visited 3 branches of the dungeon, and saw 15 of its levels.
You visited the Abyss 1 time.

You collected 2038 gold pieces.

Inventory:

Hand Weapons
 a - a +2 arbalest of freezing (weapon)
 b - the +6 morningstar of Cenoh {freeze, MR+ Dex+6}
   (You found it on level 12 of the Dungeon)

   It has been specially enchanted to freeze those struck by it, causing extra
   injury to most foes and up to half again as much damage against particularly
   susceptible opponents.
   It can also slow down cold-blooded creatures.
   It affects your dexterity (+6).
   It affects your resistance to hostile enchantments.
 w - the +6 arbalest "Hyumoguu" {penet, rF- rC+ rN+ Int+2}
   (Okawaru gifted it to you on level 2 of the Orcish Mines)

   Ammo fired by it will pass through the targets it hits, potentially hitting
   all targets in its path until it reaches maximum range.
   It affects your intelligence (+2).
   It makes you vulnerable to fire.
   It protects you from cold.
   It protects you from negative energy.
 D - a +2 dagger of venom
 E - a +0 hunting sling
Missiles
 d - 9 bolts (quivered)
 h - 192 stones
 i - 178 sling bullets
Armour
 g - a +2 chain mail of fire resistance (worn)
 o - a +0 pair of gloves (worn)
 v - a +0 hat of intelligence (worn)
Jewellery
 c - the amulet of Loappen (around neck) {rPois rC+ Regen+ Stlth-}
   (You found it on level 7 of the Dungeon)

   [amulet of regeneration]

   It protects you from cold.
   It protects you from poison.
   It increases your rate of regeneration.
   It makes you less stealthy.
 r - a ring of see invisible (left hand)
 t - an uncursed ring of protection from magic
 u - an uncursed amulet of magic regeneration
 x - a ring of protection from fire (right hand)
 y - an uncursed ring of teleportation
Wands
 z - a wand of polymorph (16)
 A - a wand of scattershot (4)
 B - a wand of iceblast (5)
 C - a wand of disintegration (13)
Scrolls
 e - 6 scrolls of remove curse {!r}
 f - 3 scrolls of magic mapping {!r}
 j - a scroll of teleportation {!r}
 k - 4 scrolls of amnesia {!r}
 l - 2 scrolls of enchant armour {!r}
 m - a scroll of immolation {!r}
 n - a scroll of fog {!r}
 p - 4 scrolls of identify {!r}
 q - a scroll of enchant weapon {!r}
 s - a scroll of acquirement {!r, unknown}


   Skills:
 + Level 12.2(17.2) Fighting
 * Level 14.4(19.4) Crossbows
 - Level 1.5(6.5) Armour
 - Level 1.5(6.5) Dodging
 - Level 0.7(5.7) Stealth
 - Level 8.0 Invocations


You had 7 spell levels left.
You knew the following spells:

 Your Spells              Type           Power        Failure   Level  Hunger
a - Call Imp              Summ           #.......     99%         2    N/A
v - Blink                 Tloc           N/A          99%         2    N/A
z - Confusing Touch       Hex            #.....       98%         1    N/A

Your spell library contained the following spells:

 Spells                   Type           Power        Failure   Level  Hunger
 Magic Dart               Conj           #...         98%         1    N/A
 Slow                     Hex            #.......     99%         2    N/A
 Confuse                  Hex            #.......     100%        3    N/A
 Conjure Flame            Conj/Fire      #.......     100%        3    N/A
 Gell's Gravitas          Tloc           #.........   100%        3    N/A
 Mephitic Cloud           Conj/Pois/Air  #.......     100%        3    N/A
 Petrify                  Tmut/Erth      #.......     100%        4    N/A
 Metabolic Englaciation   Hex/Ice        #.........   100%        5    N/A
 Yara's Violent Unravell  Hex/Tmut       #.........   100%        5    N/A

Dungeon Overview and Level Annotations

Branches:
Dungeon (12/15)            Temple (0/1) D:7            Lair (1/6) D:11
    Orc (2/2) D:12            Elf (0/3) Orc:2

Altars:
Cheibriados
Dithmenos
Elyvilon
Fedhas
Hepliaklqana
Kikubaaqudgha
Okawaru
Qazlal
Ru
Sif Muna
Vehumet
Yredelemnul

Shops:
D:4 :   D:7 =   Orc:2 !?:(?

Portals:
Labyrinth: Lair:1
Trove: D:10 (give +2 gold dragon scales)

Annotations:
D:6 TheNamelessOne's ghost, novice KoCj
D:12 1 runed door, derval's ghost, journeyman GnSu
Lair:1 MothsLongingForFire's ghost, journeyman HOAK; Nergalle
Orc:1 Iceonuas's ghost, journeyman KoHu; Niwyotz's ghost, journeyman MiFi


Innate Abilities, Weirdness & Mutations

You do not eat or drink.
Your flesh is vulnerable to fire.
You are immune to poison.
Your flesh is cold resistant. (rC+)
You are immune to negative energy. (rN+++)
You are immune to unholy pain and torment.
You can survive without breathing.
You are in touch with the powers of death.


Message History

Firing (i - inventory. (/) - cycle)
d - 15 bolts (quivered)
Press: ? - help, Shift-Dir - straight line, f/p - hellephant
Aim: a hellephant (heavily wounded)
You shoot a bolt.
The bolt pierces through the hellephant!!
The hellephant is heavily wounded.
The hellephant closely misses you.
The hellephant bites you but does no damage.
The hellephant gores you!
* * * LOW HITPOINT WARNING * * *
Unknown command.
Firing (i - inventory. (/) - cycle)
d - 14 bolts (quivered)
Press: ? - help, Shift-Dir - straight line, f/p - hellephant
Aim: a hellephant (heavily wounded)
You shoot a bolt. The bolt closely misses the hellephant.
The neqoxec barely misses you.
Unknown command.
Firing (i - inventory. (/) - cycle)
d - 13 bolts (quivered)
Press: ? - help, Shift-Dir - straight line, f/p - hellephant
Aim: a hellephant (heavily wounded)
You shoot a bolt.
The bolt pierces through the hellephant.
The hellephant is severely wounded.
The hellephant tramples you.
* * * LOW HITPOINT WARNING * * *
You hold your ground!
The hellephant bites you but does no damage.
The hellephant gores you.
* * * LOW HITPOINT WARNING * * *
Unknown command.
Firing (i - inventory. (/) - cycle)
d - 12 bolts (quivered)
Press: ? - help, Shift-Dir - straight line, f/p - hellephant
Aim: a hellephant (severely wounded)
You shoot a bolt.
The bolt pierces through the hellephant!
The hellephant is severely wounded.
The neqoxec hits you but does no damage.
Unknown command.
Put on which piece of jewellery? (? for menu, Esc to quit)
Okay, then.
Unknown command.
Wear which item? (? for menu, Esc to quit)
Okay, then.
Unknown command.
Wield which item (- for none, * to show all)? (? for menu, Esc to quit)
Your +2 arbalest of freezing is covered in frost.
a - a +2 arbalest of freezing (weapon)
The hellephant tramples you!
* * * LOW HITPOINT WARNING * * *
You hold your ground!
The hellephant closely misses you. The hellephant barely misses you.
Firing (i - inventory. (/) - cycle)
d - 11 bolts (quivered)
Press: ? - help, Shift-Dir - straight line, f/p - hellephant
Aim: a hellephant (severely wounded)
You shoot a bolt. The bolt hits the hellephant!!
The bolt freezes the hellephant.
The hellephant is almost dead.
The neqoxec hits you but does no damage.
Firing (i - inventory. (/) - cycle)
d - 10 bolts (quivered)
Press: ? - help, Shift-Dir - straight line, f/p - hellephant
Aim: a hellephant (almost dead)
You shoot a bolt. The bolt barely misses the hellephant.
The hellephant tramples you!!
You die...

# ##.##.##.
#. . ... ..
..≈# # # .#
.##.## # #.
# ##.#### #
# ..### ..#
## #(## ##
#.##.##.##.
#3Y.≈.((...h
#@##.##.##.#
####.# # (≈
###


You could see a hellephant and a neqoxec.

Vanquished Creatures
  Gastronok (D:8)
  2 hydras
  Harold (Orc:1)
  Erica (D:11)
  A two-headed ogre (D:12)
  3 orc high priests (Orc:2)
  A thrashing horror (Abyss:4)
  A vampire mage (Abyss:4)
  2 wretched stars (Abyss:4)
  A shadow wraith (Abyss:4)
  3 unseen horrors
  4 orc knights (Orc:2)
  A deep elf mage (D:12)
  A cyclops (D:11)
  3 orc sorcerers (Orc:2)
  A smoke demon (Abyss:4)
  Psyche (D:7)
  Joseph (D:8)
  A gargoyle (D:11)
  A large abomination (Abyss:4)
  2 ancient zymes (Abyss:4)
  A komodo dragon (D:12)
  2 trolls (D:11)
  2 hornets (D:12)
  4 hippogriffs
  A raiju (Abyss:4)
  A spriggan (D:7)
  A wraith (D:12)
  Sigmund (D:3)
  2 ynoxinuls (Abyss:4)
  21 yaks
  5 humans (D:7)
  Grum (D:10)
  A hungry ghost (Abyss:4)
  Edmund (D:6)
  A soldier ant (D:9)
  A warg (Orc:2)
  A water moccasin (D:11)
  16 orc warriors
  5 porcupines
  4 ice beasts
  2 sky beasts
  2 phantoms
  3 ogres
  5 centaurs
  3 wolves
  2 big kobolds
  4 crocodiles (D:11)
  8 bullfrogs
  4 scorpions
  5 wights (D:11)
  20 killer bees
  3 howler monkeys
  2 electric eels (Lair:1)
  5 crimson imps
  A small abomination (Abyss:4)
  7 hounds
  2 bullfrog zombies
  2 centaur skeletons
  15 orc priests
  5 jellies
  21 orc wizards
  3 bullfrog skeletons
  4 iguanas
  9 worker ants
  A howler monkey skeleton (D:4)
  4 gnolls (D:2)
  14 adders
  3 shadow imps
  A white imp (Abyss:4)
  3 oozes
  2 adder skeletons
  A worm (D:2)
  2 dart slugs (D:4)
  4 leopard geckos
  62 orcs
  2 ball pythons
  6 bats
  5 giant cockroaches
  11 goblins
  12 hobgoblins
  13 jackals
  16 kobolds
  2 quokkas
  6 frilled lizards
  A leopard gecko skeleton (D:4)
  A quokka skeleton (D:6)
  3 rats
417 creatures vanquished.

Vanquished Creatures (others)
  4 bushes (D:11)
  5 fungi (D:11)
  24 plants (D:11)
  A withered plant (Orc:1)
34 creatures vanquished.

Grand Total: 451 creatures vanquished

Notes
Turn   | Place    | Note
-------+----------+-------------------------------------------
     0 | D:1      | Amnesiac the Mummy Hunter began the quest for the Orb.
     0 | D:1      | Reached XP level 1. HP: 16/16 MP: 1/1
   116 | D:1      | Reached XP level 2. HP: 21/22 MP: 2/2
   624 | D:1      | Reached XP level 3. HP: 19/28 MP: 3/3
  1029 | D:2      | Reached skill level 4 in Crossbows
  1647 | D:2      | Reached XP level 4. HP: 29/34 MP: 4/4
  1931 | D:2      | Reached skill level 1 in Armour
  2736 | D:3      | Reached XP level 5. HP: 41/41 MP: 5/5
  2973 | D:3      | Reached skill level 5 in Crossbows
  3009 | D:3      | Noticed Sigmund
  3078 | D:3      | Killed Sigmund
  3078 | D:3      | Reached XP level 6. HP: 48/48 MP: 6/6
  3252 | D:3      | Found an ancient bone altar of Kikubaaqudgha.
  3278 | D:3      | Found a deep blue altar of Sif Muna.
  3280 | D:3      | Found a radiant altar of Vehumet.
  3284 | D:3      | Identified Vehumet's Reference Book on Attacks
  3419 | D:4      | Noticed a fire elemental
  3420 | D:4      | Found a stormy altar of Qazlal.
  3421 | D:4      | Noticed a water elemental
  3421 | D:4      | Noticed an air elemental
  3653 | D:4      | Reached skill level 6 in Crossbows
  3653 | D:4      | Reached XP level 7. HP: 36/55 MP: 7/7
  4275 | D:4      | Found Wiyd Wiz's Book Emporium.
  4287 | D:4      | Reached skill level 5 in Fighting
  4327 | D:5      | Entered Level 5 of the Dungeon
  4332 | D:5      | Found an iron altar of Okawaru.
  4343 | D:5      | Became a worshipper of Warmaster Okawaru
  4570 | D:5      | Reached skill level 7 in Crossbows
  4570 | D:5      | Reached XP level 8. HP: 27/63 MP: 8/8
  4648 | D:5      | Learned a level 1 spell: Confusing Touch
  5143 | D:6      | Found a runed door.
  5144 | D:6      | Noticed TheNamelessOne's ghost (novice KoCj)
  5170 | D:6      | Reached * piety under Okawaru
  5282 | D:6      | Found a blossoming altar of Fedhas.
  5402 | D:6      | Noticed Edmund
  5426 | D:6      | Killed Edmund
  5426 | D:6      | Reached skill level 8 in Crossbows
  5487 | D:6      | Found a sacrificial altar of Ru.
  5628 | D:7      | Found a shadowy altar of Dithmenos.
  6025 | D:7      | Reached ** piety under Okawaru
  6034 | D:7      | Reached XP level 9. HP: 47/71 MP: 9/9
  6037 | D:7      | Got a coiled lead amulet
  6046 | D:7      | Identified the amulet of Loappen {rPois rC+ Regen+ Stlth-}
                  | (You found it on level 7 of the Dungeon)
  6189 | D:7      | Found a staircase to the Ecumenical Temple.
  6267 | D:7      | Reached skill level 9 in Crossbows
  6285 | D:7      | Learned a level 2 spell: Blink
  6288 | D:7      | Learned a level 2 spell: Call Imp
  6353 | D:7      | Found a runed door.
  6383 | D:7      | Found Badaniam's Jewellery Emporium.
  6501 | D:7      | Found a basalt altar of Yredelemnul.
  6506 | D:7      | Found a white marble altar of Elyvilon.
  6511 | D:7      | Found a snail-covered altar of Cheibriados.
  6570 | D:7      | Found a runed door.
  6862 | D:7      | Reached *** piety under Okawaru
  6954 | D:7      | Noticed Psyche
  6977 | D:7      | Killed Psyche
  6990 | D:7      | Reached **** piety under Okawaru
  7036 | D:7      | Received a gift from Okawaru
  7106 | D:6      | Reached XP level 10. HP: 33/80 MP: 12/12
  7225 | D:7      | Reached skill level 10 in Crossbows
  7289 | D:7      | Found a runed door.
  7295 | D:7      | Found a runed door.
  7641 | D:8      | Noticed Gastronok
  7797 | D:8      | Killed Gastronok
  7797 | D:8      | Reached ***** piety under Okawaru
  7797 | D:8      | Reached skill level 5 in Invocations
  8105 | D:8      | Got a smoking falchion
  8110 | D:8      | Noticed Joseph
  8133 | D:8      | Killed Joseph
  8133 | D:8      | Reached skill level 11 in Crossbows
  8255 | D:8      | You fall through a shaft for 3 floors!
  8269 | D:10     | Entered Level 10 of the Dungeon
  8299 | D:10     | Received a gift from Okawaru
  8733 | D:9      | Identified the +4 falchion of Peril {freeze, rPois Int+3}
                  | (You found it on level 8 of the Dungeon)
  8996 | D:9      | Reached XP level 11. HP: 89/89 MP: 15/15
  9218 | D:9      | Found a hazy altar of Hepliaklqana.
  9751 | D:10     | Noticed an unseen horror
  9775 | D:10     | Killed an unseen horror
  9789 | D:10     | Found a portal to a secret trove of treasure.
 10033 | D:11     | Found a staircase to the Lair.
 10040 | D:11     | Noticed Erica
 10049 | D:11     | Noticed Grum
 10422 | D:11     | Received a gift from Okawaru
 10446 | D:11     | Killed Erica
 10530 | D:11     | Noticed an eight-headed hydra
 10538 | D:11     | Killed an eight-headed hydra
 10538 | D:11     | Reached skill level 10 in Fighting
 10571 | D:11     | Reached skill level 12 in Crossbows
 10860 | D:10     | Received a gift from Okawaru
 10957 | D:10     | Killed Grum
 11515 | D:11     | Reached XP level 12. HP: 98/98 MP: 17/17
 11715 | D:12     | HP: 3/99 [komodo dragon (3)]
 12131 | D:12     | Noticed a four-headed hydra
 12236 | D:12     | Found a staircase to the Orcish Mines.
 12554 | D:12     | Got a pitted morningstar
 12702 | D:12     | Found a runed door.
 12707 | D:12     | Noticed derval's ghost (journeyman GnSu)
 12850 | D:12     | Killed a four-headed hydra
 13052 | D:12     | Noticed a two-headed ogre
 13060 | D:12     | Killed a two-headed ogre
 13060 | D:12     | Received a gift from Okawaru
 13060 | D:12     | Reached skill level 13 in Crossbows
 13258 | Orc:1    | Entered Level 1 of the Orcish Mines
 13328 | Orc:2    | Entered Level 2 of the Orcish Mines
 13470 | Orc:1    | Identified the +6 morningstar of Cenoh {freeze, MR+ Dex+6}
                  | (You found it on level 12 of the Dungeon)
 13491 | Orc:1    | Reached ****** piety under Okawaru
 13594 | Orc:1    | Noticed Harold
 13649 | Orc:1    | Killed Harold
 13737 | Orc:1    | Found a runed gate.
 13737 | Orc:1    | Found a runed gate.
 13739 | Orc:1    | Found a runed gate.
 13922 | Orc:1    | Noticed Niwyotz's ghost (journeyman MiFi)
 13922 | Orc:1    | Noticed Niwyotz's ghost (journeyman MiFi)
 13923 | Orc:1    | Noticed Iceonuas's ghost (journeyman KoHu)
 14165 | Orc:2    | Found Qatipp's Book Shoppe.
 14212 | Orc:2    | Found a staircase to the Elven Halls.
 14300 | Orc:2    | Found a radiant altar of Vehumet.
 14314 | Orc:2    | Received a gift from Okawaru
 14317 | Orc:2    | Got a transparent arbalest {god gift}
 14318 | Orc:2    | Identified the +6 arbalest "Hyumoguu" {penet, rF- rC+ rN+
                  | Int+2} (Okawaru gifted it to you on level 2 of the Orcish
                  | Mines)
 14439 | Orc:2    | Noticed an orc high priest
 14446 | Orc:2    | Killed an orc high priest
 14448 | Orc:2    | Noticed an orc high priest
 14461 | Orc:2    | Killed an orc high priest
 14805 | Orc:2    | Gained mutation: You are in touch with the powers of death.
                  | [Mummy growth]
 14805 | Orc:2    | Reached XP level 13. HP: 94/107 MP: 17/19
 14913 | Orc:2    | Received a gift from Okawaru
 14918 | Orc:2    | Found Janwoum's Magic Scroll Shop.
 14918 | Orc:2    | Found Qaujeyv's Distillery.
 14920 | Orc:2    | Found Cykhaosk's Weapon Shop.
 14920 | Orc:2    | Found Cigeel's Magic Scroll Emporium.
 15124 | Lair:1   | Entered Level 1 of the Lair of Beasts
 15145 | Lair:1   | Noticed MothsLongingForFire's ghost (journeyman HOAK)
 15176 | Lair:1   | Found a labyrinth entrance.
 15177 | Lair:1   | Noticed Nergalle
 15184 | Lair:1   | Cast into level 4 of the Abyss (spectral orc warlord)
 15200 | Abyss:4  | Reached skill level 14 in Crossbows
 15288 | Abyss:4  | Noticed a jiangshi
 15397 | Abyss:4  | Noticed a hellephant
 15400 | Abyss:4  | Received a gift from Okawaru
 15413 | Abyss:4  | Demolished by a hellephant

Vault maps used:
D:1:      elethiomel_arrival_infinity_welcomes_careful_drivers
D:2:      first_ration
D:3:      grunt_temple_overflow_magic_moments, uniq_sigmund
D:4:      nicolae_qazlal_style_of_elements, serial_shops, shop,
          hangedman_abyss_or_decor_slice
D:5:      okawaru_metal_pillars_3
D:6:      hangedman_ru_absence, fedhas_altar_fruit_tree, ebering_ghost_sewer_d,
          uniq_edmund
D:7:      erik_cavepeople, minmay_overflow_temple_star_quad,
          grunt_dithmenos_smoke, minmay_temple_entry_hall, serial_shops,
          kennysheep_little_box, the_bakery, minmay_checkerbox
D:8:      minmay_crystal_room, uniq_joseph, uniq_gastronok
D:9:      marbit_many_paths, abandoned_shop, minivault_20
D:10:     nicolae_trove_entry_crossroad
D:11:     minmay_lair_entry_grove, nicolae_two_hexagons, uniq_erica, uniq_grum
D:12:     orc_0_dummy, ebering_ghost_reflecting_pool
Lair:1:   lab_entry_generic, hellmonk_ghost_happy_afterlife, st_stairs_11,
          grunt_forest_stairs_basic, dpeg_stationary_puzzle, uniq_nergalle
Orc:1:    gammafunk_ghost_cemetery, statue_in_the_mist_lemuel, uniq_harold
Orc:2:    grunt_orc_tribal_feast, serial_shops, nicolae_shop_window_shopping,
          basic_altar
Abyss:4:  due_exit_kobolds, evilmike_abyss_rune_elephants_shrine

Skill      XL: |  1  2  3  4  5  6  7  8  9 10 11 12 13 |
---------------+----------------------------------------+-----
Crossbows      | 4 5 6 7 8 9 11 12 13 14 | 14.4
Fighting       | 3 4 5 6 8 9 10 11 12 | 12.2
Armour         | 1 |  1.5
Invocations    | 3 5 7 8 |  8.0
Dodging        | |  1.5
Stealth        | |  0.7

Action                   |  1- 3 |  4- 6 |  7- 9 | 10-12 | 13-15 || total
-------------------------+-------+-------+-------+-------+-------++-------
Melee: Short sword       |   140 |       |       |       |       ||   140
       Dagger            |       |       |   264 |   432 |       ||   696
       Punch             |       |       |     1 |       |       ||     1
       Morningstar       |       |       |       |    10 |    23 ||    33
 Fire: Hand crossbow     |    12 |    32 |    34 |   129 |       ||   207
       Hunting sling     |    12 |   190 |   146 |       |       ||   348
       Arbalest          |       |       |       |   344 |    63 ||   407
Throw: Stone             |       |       |       |     9 |       ||     9
Invok: Heroism           |       |       |     3 |    13 |     3 ||    19
       Finesse           |       |       |       |     5 |     3 ||     8
Evoke: Wand              |       |       |       |       |     3 ||     3
  Use: Scroll            |     1 |     4 |     6 |     7 |     1 ||    19
 Stab: Sleeping          |     1 |       |       |       |       ||     1
Armor: Leather armour    |    26 |       |       |       |       ||    26
       Chain mail        |    29 |    59 |   207 |   311 |    29 ||   635
       Plate armour      |       |       |       |     8 |       ||     8
Dodge: Dodged            |    85 |    41 |   159 |   298 |    22 ||   605

Table legend:
 A = Non-vault XP
 B = Vault XP
 C = Vault XP percentage of total XP
 D = Non-vault monster count
 E = Vault monster count
 F = Vault count percentage of total count
                 A         B        C        D         E       F
            +---------+---------+-------+---------+---------+-------
      Total |   22616 |   23677 |  51.1 |     326 |      91 |  21.8
            +---------+---------+-------+---------+---------+-------
        D:1 |      50 |       0 |   0.0 |      27 |       0 |   0.0
        D:2 |     120 |       0 |   0.0 |      23 |       0 |   0.0
        D:3 |     182 |     223 |  55.1 |      25 |       1 |   3.8
        D:4 |     525 |       0 |   0.0 |      27 |       0 |   0.0
        D:5 |     550 |       0 |   0.0 |      19 |       0 |   0.0
        D:6 |     371 |     473 |  56.0 |      11 |       4 |  26.7
        D:7 |     948 |    2930 |  75.6 |      20 |      19 |  48.7
        D:8 |    1039 |    2601 |  71.5 |      21 |       2 |   8.7
        D:9 |     209 |     287 |  57.9 |      11 |       3 |  21.4
       D:10 |    3271 |     901 |  21.6 |      23 |       6 |  20.7
       D:11 |    4731 |    2509 |  34.7 |      37 |      12 |  24.5
       D:12 |    6612 |       0 |   0.0 |      34 |       0 |   0.0
     Lair:1 |       0 |     106 | 100.0 |       0 |       2 | 100.0
      Orc:1 |     985 |     960 |  49.4 |      26 |       1 |   3.7
      Orc:2 |     885 |    7640 |  89.6 |      17 |      30 |  63.8
    Abyss:4 |    2138 |    5047 |  70.2 |       5 |      11 |  68.8
            +---------+---------+-------+---------+---------+-------
